 Dungeon Crawl Stone Soup version 0.31-a0-1074-g0b22e4e0f1 (webtiles) character file.

Game seed: 5516094971488284010

25 hikkokomori the Firebug (level 3, 0/28 HPs)
             Began as a Gnoll Wanderer on Nov 28, 2023.
             Slain by a kobold
             ... wielding a +0 whip
              (4 damage)
             ... on level 1 of the Dungeon.
             The game lasted 00:02:03 (585 turns).

hikkokomori the Firebug (Gnoll Wanderer)             Turns: 585, Time: 00:02:04

Health: 0/28       AC:  3    Str: 15    XL:     3   Next: 6%
Magic:  1/7        EV: 12    Int: 10    God:
Gold:   8          SH:  0    Dex: 10    Spells: 6/7 levels left

rFire   . . .        g - +0 whip
rCold   . . .        (no shield)
rNeg    . . .        d - +0 leather armour
rPois   .            (no helmet)
rElec   .            (no cloak)
rCorr   .            (no gloves)
SInv    .            (no boots)
Will    .....        (no amulet)
Stlth   +            (no ring)
HPRegen 0.24/turn    (no ring)
MPRegen 0.10/turn

%: no passive effects
@: no status effects
A: fangs 1, strong nose, distributed training
a: no special abilities


You were on level 1 of the Dungeon.
You visited 1 branch of the dungeon, and saw 1 of its levels.

You collected 8 gold pieces.

Inventory:

Hand Weapons
 a - a +0 club
 g - a +0 whip (weapon)
Armour
 d - a +0 leather armour (worn)
Scrolls
 c - a scroll of fear
Potions
 b - a potion of attraction
 e - a potion of lignification
 f - a potion of degeneration {unknown}


   Skills:
 + Level 2.5 Fighting
 + Level 0.6 Short Blades
 + Level 0.6 Long Blades
 + Level 0.6 Axes
 + Level 0.6 Maces & Flails
 + Level 0.6 Polearms
 + Level 0.6 Staves
 + Level 0.6 Ranged Weapons
 + Level 0.6 Throwing
 + Level 0.6 Armour
 + Level 2.5 Dodging
 + Level 0.6 Stealth
 + Level 0.6 Shields
 + Level 4.5 Unarmed Combat
 + Level 2.8 Spellcasting
 + Level 0.4 Conjurations
 + Level 0.4 Hexes
 + Level 0.4 Summonings
 + Level 0.4 Necromancy
 + Level 0.4 Translocations
 + Level 0.4 Transmutations
 + Level 7.1 Fire Magic
 + Level 0.4 Ice Magic
 + Level 0.4 Air Magic
 + Level 0.4 Earth Magic
 + Level 0.4 Poison Magic
 + Level 2.6 Invocations
 + Level 0.6 Evocations
 + Level 0.5 Shapeshifting


You had 6 spell levels left.
You knew the following spells:

 Your Spells              Type           Power      Damage    Failure   Level
a - Foxfire               Conj/Fire      32%        2x1d5     8%          1

Your spell library contained the following spells:

 Spells                   Type           Power      Damage    Failure   Level
 Scorch                   Fire           30%        2d6       3%          2
 Ignite Poison            Fire/Tmut/Pois 6%         N/A       34%         3


Dungeon Overview and Level Annotations

Branches:
Dungeon (1/15)

Altars:

Annotations:
D:1 1 runed translucent door


Innate Abilities, Weirdness & Mutations

You have very sharp teeth.
Your uncanny sense of smell can sniff out nearby items.
Your experience applies equally to all skills.


Message History

The kobold is severely wounded.
The foxfire hits the kobold.
You kill the kobold!
You have reached level 3!
Your experience leads to an increase in your attributes!
Increase (S)trength, (I)ntelligence, or (D)exterity?
You feel agile. x2
A kobold comes into view. It is wielding a +0 whip.
The goblin attacks as it pursues you! The goblin hits you with a +0 club.
* * * LOW HITPOINT WARNING * * *
Casting: Foxfire (safe; 8% risk of failure)
Confirm with . or Enter, or press ? or * to list all spells.
You conjure some foxfire!
The kobold shouts!
The goblin hits you but does no damage.
Your foxfire dissipates!
The foxfire hits the goblin.
You kill the goblin!
Casting: Foxfire (safe; 8% risk of failure)
Confirm with . or Enter, or press ? or * to list all spells.
You conjure some foxfire!
The endoplasm freezes you.
You are frozen.
* * * LOW HITPOINT WARNING * * *
Your foxfire dissipates!
A ball python comes into view.
The ball python hisses angrily.
You hit the endoplasm.
You bite the endoplasm, but do no damage.
The endoplasm is heavily wounded.
The endoplasm hits you.
* * * LOW HITPOINT WARNING * * *
Unknown command.
You hit the endoplasm.
You kill the endoplasm!
The kobold throws a stone.
The stone hits you but does no damage.
Unknown command.
You barely miss the kobold. Your bite misses the kobold.
The kobold hits you with a +0 whip.
You die...

#......# '......#####
.# #..........##.#
#......###'##.#
#...÷.###...#.#
#....####...#.#
..##....'...#.#
...#.####>..#.#########
.#.#.# #..).....@.#...#
.#.#.###....#.###K#...
.#.#...#....+...vB#†#
.....#.#....#.####g.#∆
##.#÷#.#......#.....##
.#...#.#.#.#..#.###).#
∆ .#####.#.#.#...
##.†...#
.......#.#.##..
.....#.# .##.#### ....
###...# ∆


You could see a giant cockroach, a hobgoblin and a kobold.

Vanquished Creatures
  3 ball pythons (D:1)
  5 endoplasms (D:1)
  2 giant cockroaches (D:1)
  2 goblins (D:1)
  A hobgoblin (D:1)
  4 kobolds (D:1)
  A quokka (D:1)
  2 frilled lizards (D:1)
  2 rats (D:1)
22 creatures vanquished.

Vanquished Creatures (others)
  6 foxfires (D:1)
6 creatures vanquished.

Grand Total: 28 creatures vanquished

Notes
Turn   | Place    | Note
-------+----------+-------------------------------------------
     0 | D:1      | hikkokomori the Gnoll Wanderer began the quest for the Orb.
     0 | D:1      | hikkokomori set off with the following items: a +0 club, a
                  | potion of attraction, a scroll of fear, a +0 leather
                  | armour, a potion of lignification; and the following spell
                  | memorised: Foxfire; and the following spells available to
                  | memorise: Scorch, Ignite Poison.
     0 | D:1      | Reached XP level 1. HP: 17/17 MP: 4/4
     1 | D:1      | Found a runed translucent door.
   117 | D:1      | Reached XP level 2. HP: 13/23 MP: 5/5
   578 | D:1      | Reached XP level 3. HP: 7/28 MP: 2/7
   585 | D:1      | Slain by a kobold

Illustrated notes

Levels and vault maps discovered:
D:1:      dpeg_arrival_caged_fury, layout_basic, minmay_bisected

Action                     || total
---------------------------++-------
  Melee: Club              ||    73
         Punch             ||     4
         Whip              ||    19
         Bite              ||     4
   Cast: Foxfire           ||     6
 Armour: Leather armour    ||    71
  Dodge: Dodged            ||    77

Table legend: (Time is in decaauts)
 A = Elapsed time spent in this place.
 B = Non-inter-level travel time spent in this place.
 C = Inter-level travel time spent in this place.
 D = Time resting spent in this place.
 E = Time spent auto-exploring this place.
 F = Levels seen in this place.
 G = Mean time per level.
                   A        B        C        D        E       F      G
               +--------+--------+--------+--------+--------+-----+--------+
         Total |    607 |    607 |      0 |      0 |    433 |   1 |  607.0 |
       Dungeon |    607 |    607 |      0 |      0 |    433 |   1 |  607.0 |
               +--------+--------+--------+--------+--------+-----+--------+

Top non-repeatable levels by time:
     D:1: 607 daAuts
